Cogmind - Beta 14 @@@ ROGUE MODE // 2025.03.01 @ 23:09:43 Player: Skergy Result: Destroyed by FF-3TT(R) with Subdweller Laser Performance ------------- Evolutions (0) 0 Regions Visited (2) 400 Robots Destroyed (18) 90 Value Destroyed (377) 377 Prototype IDs (0) 0 Alien Tech Used (0) 0 Bonus (-35) -35 TOTAL SCORE: 832 Bonus ------- Friendly Fire -35 Cogmind --------- Core Integrity 0/250 Matter 200/300 Energy 121/125 System Corruption 0% Temperature Cool (8) Movement Treading (160) Location -10/Subcaves Parts ------- > --- POWER (1) -------- Light Ion Engine > --- PROPULSION (2) --- Light Treads Improved Treads > --- UTILITY (2) ------ Large Storage Unit Hardened Light Armor Plating > --- WEAPON (2) ------- (None) > --- INVENTORY (15) --- Light Nuclear Core Light Treads Improved Treads Aluminum Leg Aluminum Leg Aluminum Leg Compact Wheel Compact Wheel Flightbrick Medium Storage Unit Hardened Light Armor Plating Peak State ------------ > --- POWER ------------ Ion Engine > --- PROPULSION ------- Light Treads Improved Treads > --- UTILITY ---------- Large Storage Unit Hardened Light Armor Plating > --- WEAPON ----------- (None) > --- INVENTORY -------- Light Ion Engine Light Nuclear Core Light Treads Improved Treads Aluminum Leg Aluminum Leg Aluminum Leg Compact Wheel Compact Wheel Flightbrick Medium Storage Unit Hardened Light Armor Plating [Rating: 12] Favorites ----------- Power Ion Engine Engine Ion Engine Propulsion Light Treads Treads Light Treads Utility Terrain Scanner Device Terrain Scanner Storage Large Storage Unit Protection Hardened Light Armor Plating Weapon Small Laser Energy Gun Small Laser Ballistic Gun Light Assault Rifle Launcher Subdweller Shrapnel Launcher Build | -11 -10 -10 ------- Run | Yrd Mat Sub Slots Evolved . | . . . Power . | . . . Propulsion . | . . . Utility . | . . . Weapon . | . . . Parts Attached 20 | 6 9 5 Power 3 | 1 1 1 Engine 3 | 1 1 1 Core . | . . . Reactor . | . . . Propulsion 8 | 2 4 2 Treads 8 | 2 4 2 Leg . | . . . Wheel . | . . . Hover . | . . . Flight . | . . . Utility 5 | 1 3 1 Device 1 | . 1 . Storage 3 | 1 2 . Processor . | . . . Hackware . | . . . Protection 1 | . . 1 Artifact . | . . . Weapon 4 | 2 1 1 Energy Gun 2 | 2 . . Energy Cannon . | . . . Ballistic Gun 1 | . 1 . Ballistic Cannon . | . . . Launcher 1 | . . 1 Special Weapon . | . . . Impact Weapon . | . . . Slashing Weapon . | . . . Piercing Weapon . | . . . Special Melee Weapon . | . . . Unidentified Prototypes . | . . . Parts Lost 11 | . 5 6 Power 2 | . 1 1 Propulsion 4 | . 2 2 Utility 1 | . . 1 Weapon 4 | . 2 2 Highest Loss Streak 4 | . 2 4 To Critical Strikes . | . . . Average Slot Usage (%) 93 | . 95 67 Engine 14 | . 14 14 Treads 27 | . 27 26 Device 12 | . 13 3 Storage 14 | . 14 14 Energy Gun 15 | . 16 . Ballistic Gun 7 | . 7 1 Peak Build Rating 12 | 6 10 12 Average Rating 7 | 4 7 9 On Entrance 5 | . 6 10 Naked Turns . | . . . Heaviest Build 33 | 13 29 33 Greatest Support 46 | 40 46 46 Greatest Overweight (x) . | . . . Average Overweight (x) . | . . . Largest Inventory Capacity 15 | 8 15 15 Average Capacity 12 | 7 13 15 Most Carried 15 | 6 14 15 Average Carried 8 | 3 8 13 Final Capacity 15 | 8 15 15 Final Carried 14 | 6 14 14 Class Distribution -------------------- 100% | Mutant Dominant Class ---------------- Mutant | -10/Materials Mutant | -10/Subcaves Resources | -11 -10 -10 ----------- Run | Yrd Mat Sub Matter Collected 384 | 239 135 10 Remotely . | . . . Salvage Created 437 | . 393 44 Parts 37 | . 33 4 Haulers Intercepted . | . . . Recyclers Shooed . | . . . Parts Field Recycled . | . . . Retrieved Matter . | . . . Parts Self-Destructed . | . . . Prevented . | . . . Kills | -11 -10 -10 ------- Run | Yrd Mat Sub Combat Hostiles Destroyed 12 | . 10 2 Guns 10 | . 10 . AOE 2 | . . 2 Classes Destroyed 8 | . 6 2 Worker 1 | . 1 . Builder 1 | . 1 . Mechanic 1 | . 1 . Operator 1 | . . 1 Watcher 2 | . 2 . Swarmer 5 | . 5 . Grunt 5 | . 5 . Subdweller 2 | . . 2 Best Kill Streak 2 | . 2 2 Combat Bots Only 2 | . 2 2 Max Kills in Single Turn 2 | . 2 2 Gunslinging . | . . . Exploded 1 | . . 1 Melee . | . . . Uniques/NPCs Destroyed . | . . . Combat | -11 -10 -10 -------- Run | Yrd Mat Sub Hostile Shots Fired 130 | . 105 25 Missed 35 | . 28 7 Damage Taken 1584 | . 835 749 Core 263 | . 127 136 Absorbed by Shields . | . . . Core Remaining (%) 100 | 100 . . Volleys Fired 74 | . 65 9 Largest 2 | . 2 1 Hottest 80 | . 80 40 Shots Fired 113 | . 104 9 Gun 109 | . 104 5 Cannon . | . . . Launcher 4 | . . 4 Special . | . . . Kinetic 46 | . 37 9 Thermal 39 | . 39 . Explosive . | . . . Electromagnetic 28 | . 28 . Robot Hit Streak 5 | . 4 5 Robot Miss Streak 5 | . 5 1 Penetration Max . | . . . Secondary Targets 3 | . 3 . Max Gunslinging Chain 1 | . 1 . Shots Hit Robots 61 | . 53 8 Core Hits 31 | . 26 5 Critical Kills . | . . . Critical Parts Destroyed . | . . . Critical Strikes . | . . . Melee Attacks . | . . . Impact . | . . . Slashing . | . . . Piercing . | . . . Sneak Attacks . | . . . Combat Hostiles . | . . . Follow-up Attacks . | . . . Damage Inflicted 1133 | . 666 467 Guns 611 | . 584 27 Cannons . | . . . Explosions 522 | . 82 440 Melee . | . . . Ramming . | . . . Kinetic 652 | . 185 467 Thermal 317 | . 317 . Explosive . | . . . Electromagnetic 164 | . 164 . Impact . | . . . Slashing . | . . . Piercing . | . . . Highest Corruption . | . . . Average Corruption . | . . . Corruption Purged . | . . . Corruption Blocked . | . . . Overload Shots . | . . . Overflow Damage 46 | . 25 21 Projectiles . | . . . Explosions 46 | . 25 21 Melee . | . . . Knockbacks . | . . . Impact . | . . . Kinetic . | . . . Secondary . | . . . Self-Inflicted Damage 122 | . 4 118 Shots 5 | . 1 4 Rammed . | . . . Targets Rammed . | . . . Kicked . | . . . Crushed . | . . . Highest Temperature 165 | . 165 . Average Temperature 57 | . 57 . Received Heat Transfer 387 | . 321 66 Siege Activations . | . . . Robots Corrupted . | . . . Combat Hostiles . | . . . Parts Fried . | . . . Impact Corruptions . | . . . Robots Melted . | . . . Combat Hostiles . | . . . Parts Melted . | . . . Heat Transferred 625 | . 625 . Parts Sabotaged . | . . . Parts Stolen . | . . . Parts Stripped . | . . . Power Chain Reactions 1 | . 1 . Alert | -11 -10 -10 ------- Run | Yrd Mat Sub Peak Influence 166 | . 166 . Initial . | . . . Average 42 | . 45 . Maximum Alert Level . | . . . Low Security (%) 100 | 100 100 . Level 1 . | . . . Level 2 . | . . . Level 3 . | . . . Level 4 . | . . . Level 5 . | . . . High Security . | . . . Max Security . | . . . Squads Dispatched 1 | . 1 . Investigation . | . . . Extermination . | . . . Reinforcement 1 | . 1 . Assault . | . . . Garrison . | . . . Intercept . | . . . Searches Triggered . | . . . Construction Impeded . | . . . Haulers Reinforced . | . . . Active Scanning Responses . | . . . Cargo Convoy Interrupts . | . . . Stealth | -11 -10 -10 --------- Run | Yrd Mat Sub Distress Signals . | . . . Communications Jammed . | . . . Distress Signals . | . . . Times Spotted 23 | . 19 4 Peak Tracking Total 4 | . 4 3 Tactical Retreats 1 | . 1 . Traps | -11 -10 -10 ------- Run | Yrd Mat Sub Traps Triggered . | . . . Indirectly . | . . . Trap Hack Attempts . | . . . Triggered . | . . . Disarmed . | . . . Reprogrammed . | . . . Reused . | . . . Traps Extracted . | . . . Installed . | . . . Triggered . | . . . Machines | -11 -10 -10 ---------- Run | Yrd Mat Sub Machines Disabled . | . . . Max in Single Turn . | . . . Machines Repaired . | . . . Machines Dismantled . | . . . Machines Sabotaged . | . . . Overloaded Fab Kills . | . . . Hacking | -11 -10 -10 --------- Run | Yrd Mat Sub Machines Accessed 5 | . 5 . Terminals 5 | . 5 . Fabricators . | . . . Repair Stations . | . . . Recycling Units . | . . . Scanalyzers . | . . . Garrison Access . | . . . Total Hacks 16 | . 16 . Successful 12 | . 12 . Failed 4 | . 4 . Catastrophic 1 | . 1 . Database Lockouts . | . . . Manual 13 | . 13 . Terminals 16 | . 16 . Fabricators . | . . . Repair Stations . | . . . Recycling Units . | . . . Scanalyzers . | . . . Garrison Access . | . . . Terminal Hacks 4 | . 4 . Record 1 | . 1 . Alert Level 1 | . 1 . Unreport Threat 1 | . 1 . Dispatch Records 1 | . 1 . Fabricator Hacks . | . . . Repair Station Hacks . | . . . Recycling Unit Hacks . | . . . Scanalyzer . | . . . Garrison Access Hacks . | . . . Unauthorized Hacks 8 | . 8 . Terminals 8 | . 8 . Track 1 | . 1 . Assimilate 2 | . 2 . Botnet 4 | . 4 . Operators 1 | . 1 . Fabricators . | . . . Repair Stations . | . . . Recycling Units . | . . . Scanalyzers . | . . . Garrison Access . | . . . Data Cores Recovered . | . . . Used . | . . . Hacking Detections 5 | . 5 . Full Trace Events . | . . . Feedback Events . | . . . Feedback Blocked . | . . . Robot Schematics Acquired . | . . . Robots Built . | . . . Authchips . | . . . Time . | . . . Total Robot Build Rating . | . . . Part Schematics Acquired . | . . . Parts Built . | . . . Authchips . | . . . Time . | . . . Total Part Build Rating . | . . . Parts Repaired . | . . . Time . | . . . Parts Recycled . | . . . Recycled Matter . | . . . Retrieved Matter . | . . . Retrieved Components . | . . . Parts Scanalyzed . | . . . Part Schematics Acquired . | . . . Parts Damaged . | . . . Bothacking | -11 -10 -10 ------------ Run | Yrd Mat Sub Used RIF Installer . | . . . Robots Hacked . | . . . Non-combat . | . . . Combat . | . . . Robot Hacks Applied . | . . . Relay Couplers Released . | . . . Fabnet Peak Effective % . | . . . Robots Rewired . | . . . Allies Hacked . | . . . Hacks Repelled . | . . . Allies | -11 -10 -10 -------- Run | Yrd Mat Sub Total Allies 2 | . 2 . Largest Group 2 | . 2 1 Highest-Rated Group 19 | . 19 10 Highest-Rated Ally 10 | . 10 10 Total Orders . | . . . Ally Attacks . | . . . Total Damage . | . . . Kills . | . . . Allies Corrupted . | . . . Allies Melted . | . . . Intel | -11 -10 -10 ------- Run | Yrd Mat Sub Robot Analysis Total . | . . . Derelict Logs Recovered . | . . . Drone Launches . | . . . Drone Recoveries . | . . . Exploration | -11 -10 -10 ------------- Run | Yrd Mat Sub Turns Passed 1178 | 66 1013 99 Spaces Moved 601 | 36 518 47 Core 7 | 7 . . Treads 594 | 29 518 47 Legs . | . . . Wheels . | . . . Hover . | . . . Flight . | . . . Fastest Speed 50 | 50 160 160 Average Speed 158 | 138 160 160 Slowest Speed 160 | 160 160 160 Overloaded Moves . | . . . Propulsion Burnouts . | . . . Robots Hopped . | . . . Cave-ins Triggered . | . . . Exploration Rate (%) 32 | 4 85 8 Regions Visited 2 Branch Regions 1 Pre-discovered Areas . | . . . Known Exits Taken . | . . . Unknown Exits Taken 2 | 1 1 . Scrap Searched . | . . . Spaces Dug . | . . . Terrain Destroyed 27 | . 4 23 Melee . | . . . Projectile . | . . . AOE 27 | . 4 23 Terrain Rammed . | . . . Walls Destroyed . | . . . Machines Disabled . | . . . Actions | -11 -10 -10 --------- Run | Yrd Mat Sub Total 717 | 49 605 63 Wait 5 | 2 2 1 Move 599 | 35 517 47 Hop . | . . . Pick Up 17 | 6 10 1 Fast Attach 8 | 6 1 1 Attach 8 | . 4 4 Detach . | . . . Swap 4 | . 4 . Drop 2 | . 2 . Fire 74 | . 65 9 Melee . | . . . Ram . | . . . Kick . | . . . Crush . | . . . Escape Stasis . | . . . Rewire . | . . . Trap . | . . . Miscellaneous . | . . . Route ------- -11/Scrapyard -10/Materials (discovered 5 exits: [*Mat x3] / [*Min] / [*Sub]) -10/Subcaves (discovered 1 exit: [*Mat]) History --------- Turn | Location | Event 21 | -11/Scrapyard | Discovered new exit (range 16) 67 | -11/Scrapyard | Entered Materials 302 | -10/Materials | Build established: Mutant 470 | -10/Materials | Discovered new exit (range 14) 653 | -10/Materials | Discovered new exit (range 3) 813 | -10/Materials | Discovered new exit (range 12) 813 | -10/Materials | Discovered new exit (range 13) 846 | -10/Materials | Core integrity fell below 50% 1066 | -10/Materials | Discovered new exit (range 11) 1080 | -10/Materials | Entered Subcaves 1080 | -10/Subcaves | Accompanied by 1 ally 1125 | -10/Subcaves | Discovered new exit (range 8) 1140 | -10/Subcaves | A Subdweller sparked back to life 1140 | -10/Subcaves | A Subdweller sparked back to life 1140 | -10/Subcaves | A Subdweller sparked back to life 1148 | -10/Subcaves | Core integrity fell below 20% 1155 | -10/Subcaves | Found Prototype Flight Unit 1179 | -10/Subcaves | Destroyed by FF-3TT(R) with Subdweller Laser Last Messages --------------- 01105_ Terrain Scanner destroyed. 01113_ CH-Z6O(R) destroyed. 01115_ Acquired Sub. Shrapnel Launcher. 01116_ Subatomizers dissect the Sub. Power Source. 01117_ Acquired 10 matter. 01125_ EXIT=FOUND 01140_ 43-LUB(R) creaks and sparks as it begins to move. 01140_ Z5-AL1(R) creaks and sparks as it begins to move. 01140_ FF-3TT(R) creaks and sparks as it begins to move. 01141_ Z5-AL1(R) destroyed. 01143_ Destroyed Sub. Monowheel. 01145_ 43-LUB(R) destroyed. 01145_ Imp. Treads destroyed. 01145_ Destroyed Imp. Treads. 01145_ Technician 1b destroyed. 01147_ Imp. Treads destroyed. 01147_ Destroyed Imp. Treads. 01147_ Sub. Shrapnel Launcher destroyed. 01155_ Acquired Prototype Flight Unit. 01161_ Ion Engine destroyed. Map ----- +----------------------------------------------------+ | ?????????????????????????????????????????????? | | ?????????????????????????????????????????????? | | ?????????????????????????????????????????????? | | ?????????????????????????????????????????????? | | ?????????????????????????????????????????????? | | ?????????????????????????????????????????????? | | ?????????????????????????????????????????????? | | ?????????????????????????????????????????????? | | ?????????????????????????????????????????????? | | ?????????????????????????????????????????????? | | ?????????????????????????????????????????????? | | ?????????????????????????????????????????????? | | ?????????????????????????????????????????????? | | ?????????????????????""#?????????????????????? | | ?????????????????????""##????????????????????? | | ????????????????????? #????????????????????? | | ????????????????????? #????????????????????? | | ????????????????????# #????????????????????? | | ????????????????????# ##???????????????????? | | ???????????????????## #???????????????????? | | ??????????????????## ????????????????????? | | ??????????????????# ?????????????????????? | | ??????????????????# #?????????????????????? | | ?????????????###### #?????????????????????? | | ?????????????# ### #?????????????????????? | | ??????????????# ## @#??????????????????????? | | ???????????? ?# ### #??????????????????????? | | ????????????# # ##########?????????????? | | ????????????# # #?????????????? | | ????????????## #??????????????? | | ???????????### # #??????????????? | | ???????????# ; ##?????###?????? | | ???????????##### ; #????## ####### | | ???????????????# ###### " | | ???????????????###; R ##" | | ?????????????????#;; < ## | | ?????????????????##; ## | | ??????????????????#; / ##" %& | | ???????????????# ;;" #"" "* | | ???????????????# ###### #"""" | | ??????????????# ##????# ## ## | | ??????????????# #?????### #### | | ??????????????# ???????# #??##### | | ??????????????# ####???????# ??????# | | ??????????????###???????????## ?????# | | ????????????????????????????? ???? | | ?????????????????????????????# # ?? | | ????????????????????????????? ### #? | | ????????????????????????????? ??? ### # | | ????????????????????????????? ??? #?# # | +----------------------------------------------------+ Best States ------------- Heat Dissipation 25 Energy Generation 10 Energy Capacity 250 Matter Stores 300 Matter Capacity 300 Sight Range 16 Terrain Scan Range 14 Terrain Scan Density 10 Armor Coverage 150 Evasion (%) 40 Recoil Reduction 2 Item Schematics ----------------- None Robot Schematics ------------------ None Fabricated ------------ Nothing Alien Tech Used ----------------- None Achievements -------------- None Challenges ------------ None Game ------ Seed JunkGunStorage Manual? 0 Play Time 00:11:35 Cumulative 59.1 hours Start 2025.03.01 @ 22:59:05 End 2025.03.01 @ 23:09:43 Sessions 1 Manual Loads 0 Difficulty Rogue Special Mode None Game No. 55 Rogue 55 Adventurer 0 Explorer 0 Win Type - Total 2 Types 2/0/0/0/0/0/0/0/0 Lore% 34 Gallery% 41 Achievement% 38 Wizard Run 0 Options --------- Layout 0 ASCII 0 Keyboard 1 Movement Numpad Keybinds 0 Fullscreen 1 Font 24/Smallcaps Map View 76x50 Zoom Use 0% Tactical HUD 1 Map Filters NONE Filters NONE Steam 1 RUN: c5e58caa-2084-4451-b749-633be5f3eae3